 Dungeon Crawl Stone Soup version 0.31.0-12-g77e489cdc1 (webtiles) character file.

Game seed: 2515546390020077494

664 Strat the Shield-Bearer (level 7, 0/55 HPs)
             Began as a Human Fighter on Feb 11, 2024.
             Slain by an ufetubus (3 damage)
             ... on level 5 of the Dungeon.
             The game lasted 00:07:17 (3692 turns).

Strat the Shield-Bearer (Human Fighter)             Turns: 3692, Time: 00:07:17

Health: 0/55       AC:  8    Str: 18    XL:     7   Next: 57%
Magic:  7/7        EV:  9    Int:  8    God:
Gold:   318        SH:  5    Dex: 13    Spells: 6/6 levels left

rFire   . . .        a - +0 flail
rCold   + . .        c - +0 buckler
rNeg    . . .        b - +0 scale mail
rPois   .            (no helmet)
rElec   .            (no cloak)
rCorr   .            f - +1 pair of gloves
SInv    .            (no boots)
Will    .....        i - amulet of the acrobat Stlth
                     s - ring of protection from cold
HPRegen 0.29/turn    (no ring)
MPRegen 0.10/turn

%: acrobat
@: silenced, invisible
A: explore regen
a: no special abilities


You were on level 5 of the Dungeon.
You visited 1 branch of the dungeon, and saw 5 of its levels.
You also visited: Sewer.

You collected 318 gold pieces.

Inventory:

Hand Weapons
 a - a +0 flail (weapon)
Missiles
 d - 3 curare-tipped darts
 m - 7 poisoned darts (quivered)
Armour
 b - a +0 scale mail (worn)
 c - a +0 buckler (worn)
 f - a +1 pair of gloves (worn)
Jewellery
 i - an amulet of the acrobat (around neck)
 s - a ring of protection from cold (left hand)
Wands
 v - a wand of mindburst (6)
Scrolls
 e - 3 scrolls of enchant armour
 h - 3 scrolls of identify
 j - 2 scrolls of fog
 k - 2 scrolls of silence
 n - a scroll of immolation {unknown}
 p - 3 scrolls of amnesia
 q - 3 scrolls of teleportation {unknown}
 r - a scroll of brand weapon {unknown}
 t - a scroll of fear {unknown}
 u - a scroll of butterflies {unknown}
 x - a scroll of revelation {unknown}
 y - a scroll of blinking {unknown}
Potions
 g - 2 potions of cancellation
 l - a potion of invisibility
 o - 2 potions of curing
 w - a potion of attraction {unknown}
 z - a potion of heal wounds {unknown}


   Skills:
 + Level 4.9 Fighting
 + Level 4.3 Maces & Flails
 - Level 3.0 Armour
 * Level 6.4 Shields


You had 6 spell levels left.
You didn't know any spells.
Your spell library contained the following spells:

 Spells                   Type           Power      Damage    Failure   Level
 Freeze                   Ice            0%         1d3       86%         1
 Frozen Ramparts          Ice            0%         1d1       99%         3
 Hailstorm                Conj/Ice       0%         3d5       99%         3


Dungeon Overview and Level Annotations

Branches:
Dungeon (5/15)              Sewer (visited)
 Temple: D:4-7

Altars:
Ashenzari
Fedhas
Trog
Uskayaw
Vehumet

Shops:
D:4 :

Annotations:
D:5 Blork the orc


Innate Abilities, Weirdness & Mutations

You regain HP and MP as you explore.


Message History

Blork the orc hits you with a +2 long sword of holy wrath.
* * * LOW HITPOINT WARNING * * *
The ufetubus hits you.
* * * LOW HITPOINT WARNING * * *
The ufetubus closely misses you.
You closely miss Blork the orc. You block the ufetubus's attack. x2
Blork the orc hits you with a +2 long sword of holy wrath!
* * * LOW HITPOINT WARNING * * *
The ufetubus hits you but does no damage.
The ufetubus closely misses you. Blork the orc barely misses you.
It was a potion of invisibility.
You fade into invisibility!
You block the ufetubus's attack. The ufetubus barely misses you.
Blork the orc hits you with a +2 long sword of holy wrath.
* * * LOW HITPOINT WARNING * * *
You strike the helpless Blork the orc from behind!
You hit Blork the orc.
Blork the orc is lightly wounded.
The ufetubus barely misses you.
The ufetubus hits you but does no damage.
The ufetubus barely misses you.
The ufetubus hits you but does no damage.
Blork the orc hits you but does no damage.
You feel better. You block the ufetubus's attack. x2
Blork the orc hits you but does no damage.
The ufetubus hits you but does no damage. x2
You completely miss Blork the orc.
Blork the orc is lightly wounded.
The ufetubus misses you.
The ufetubus hits you but does no damage.
Blork the orc hits you with a +2 long sword of holy wrath.
* * * LOW HITPOINT WARNING * * *
You block the ufetubus's attack. The ufetubus hits you.
* * * LOW HITPOINT WARNING * * *
You barely miss Blork the orc.
Blork the orc is lightly wounded.
Blork the orc hits you with a +2 long sword of holy wrath!
* * * LOW HITPOINT WARNING * * *
You block the ufetubus's attack. The ufetubus hits you.
You die...

### ## #<#############.#
#.....§.5@o§.§#..
#.###########.#.### #.#
#.#...
..#.###.###########o#.######
..............#.............
#..........##.#.###.########
#..............#.............
#...........###########...###
#....#............. ..o..


You could see Blork the orc (unable to see you) and an ufetubus (unable to see
you).

Vanquished Creatures
  Menkaure (D:4)
  An ice beast (D:3)
  An ogre (D:4)
  A crocodile (Sewer)
  A scorpion (D:4)
  2 hounds
  2 iguanas (D:4)
  An ufetubus (D:5)
  4 dart slugs
  2 ribbon worms (D:4)
  2 orcs
  9 endoplasms
  7 giant cockroaches
  4 goblins
  9 hobgoblins
  10 jackals
  8 kobolds
  7 quokkas
  8 ball pythons
  5 bats
  5 frilled lizards
  3 rats
93 creatures vanquished.

Notes
Turn   | Place    | Note
-------+----------+-------------------------------------------
     0 | D:1      | Strat the Human Fighter began the quest for the Orb.
     0 | D:1      | Reached XP level 1. HP: 18/18 MP: 1/1
   156 | D:1      | Reached XP level 2. HP: 22/24 MP: 2/2
   757 | D:1      | Reached XP level 3. HP: 29/29 MP: 3/3
  1483 | D:3      | Reached skill level 4 in Shields
  1493 | D:3      | Reached XP level 4. HP: 16/36 MP: 4/4
  1629 | D:3      | Noticed an ice beast
  2066 | D:3      | Killed an ice beast
  2067 | D:3      | Reached XP level 5. HP: 42/42 MP: 5/5
  2350 | D:4      | Found a glowing drain.
  2385 | Sewer    | Entered a sewer
  2415 | Sewer    | Reached skill level 5 in Shields
  2452 | Sewer    | Noticed a crocodile
  2460 | Sewer    | Killed a crocodile
  2461 | Sewer    | Reached XP level 6. HP: 37/48 MP: 6/6
  2904 | D:4      | Found a radiant altar of Vehumet.
  2904 | D:4      | Found a blossoming altar of Fedhas.
  2904 | D:4      | Found a bloodstained altar of Trog.
  2969 | D:4      | Found Oblev's Vocational Training.
  3286 | D:4      | Found a broken altar of Ashenzari.
  3286 | D:4      | Found a hide-covered altar of Uskayaw.
  3296 | D:4      | Reached skill level 6 in Shields
  3296 | D:4      | Reached XP level 7. HP: 55/55 MP: 7/7
  3457 | D:4      | Noticed Menkaure
  3463 | D:4      | Killed Menkaure
  3560 | D:5      | Entered Level 5 of the Dungeon
  3655 | D:5      | Noticed Blork the orc
  3692 | D:5      | Slain by an ufetubus

Illustrated notes

Levels and vault maps discovered:
D:1:      scummos_arrival_star, layout_basic, minmay_quantized
D:2:      layout_rooms, hex_large
D:3:      layout_basic, minivault_14
D:4:      layout_cave_pods, gammafunk_temple_overflow_claw,
          jmf_multi_god_temple, cheibrodos_sewer_entry_drain,
          nicolae_shop_vocational, uniq_menkaure
D:5:      layout_basic, mainiacjoe_overflow_brackets,
          gammafunk_temple_overflow_elements, minmay_temple_entry_ruins,
          uniq_blork_the_orc

Skill      XL: |  1  2  3  4  5  6 |
---------------+-------------------+-----
Shields        | 4 5 6 |  6.4
Fighting       | 4 |  4.9
Maces & Flails | 3 4 |  4.3
Armour         | |  3.0

Action                     |  1- 3 |  4- 6 |  7- 9 || total
---------------------------+-------+-------+-------++-------
  Melee: Flail             |   131 |   155 |    24 ||   310
  Throw: Dart              |       |     4 |     1 ||     5
  Evoke: Wand              |       |     4 |       ||     4
    Use: Potion            |       |     1 |     6 ||     7
         Scroll            |       |       |     5 ||     5
   Stab: Invisible         |       |       |     1 ||     1
 Armour: Scale mail        |    89 |   115 |    87 ||   291
  Dodge: Dodged            |    52 |   124 |    56 ||   232
  Block: Buckler           |    38 |    50 |    30 ||   118
